[Event "*** Titled Tuesday Blitz"]
[Site "Chess.com"]
[Date "2020.11.10"]
[Round "1"]
[White "B-man"]
[Black "Grineva_Marianna"]
[Result "1-0"]
[WhiteElo "2565"]
[BlackElo "2234"]
[TimeControl "180+1"]
[EndTime "10:07:33 PST"]
[Termination "B-man won by resignation"]

1. e4 c5 2. Nc3 a6 3. f4 b5 4. Nf3 Bb7 5. d3 e6 6. a4 b4 7.
Ne2 d5 8. e5 d4 9. Ng3 Ne7 10.
Be2 h5 11. O-O h4 12. Ne4 Nf5 13. Nfg5 Be7 14. Bh5 g6 15. Bf3 Bd5 16. c4 Bc6 17. a5 Ra7 18. Qe2 Rc7 19. Bd2 Nd7 20. Qf2 Nf8 21. g4 hxg3 22. hxg3 Qa8 23. Kg2 Bxg5 24. Nxg5 Bxf3+ 25. Qxf3 Qxf3+ 26. Nxf3 Kd8 27. Rh1 Rxh1 28.
Rxh1 Ke7 29. Ng5 Rd7 30. Kf3 Rb7 31. g4 Ng7 32. Ne4 Rc7 33. Nxc5 Rxc5 34. Bxb4 Nd7 35. Ke4 Ne8 36. Kxd4 Nc7 37. Bxc5+ Nxc5 38. Kxc5 Ne8 39. Kb6 Ng7 40. b4 Ne8 41. Kxa6 Kd7 42. Kb7 Nc7 43.
a6 Nxa6 44. Kxa6 1-0

[Event "*** Titled Tuesday Blitz"]
[Site "Chess.com"]
[Date "2020.11.10"]
[Round "1"]
[White "Ural_bogatyr"]
[Black "Evgeny81"]
[Result "0-1"]
[WhiteElo "2368"]
[BlackElo "2715"]
[TimeControl "180+1"]
[EndTime "10:07:34 PST"]
[Termination "Evgeny81 won by resignation"]

1. e4 e6 2. d4 d5 3. Bd3 dxe4 4.
Bxe4 Nf6 5. Bf3 Be7 6. Ne2 c5 7. O-O Nc6 8. Be3 O-O 9. Bxc6 bxc6 10. dxc5 Nd5 11. Bd4 Qc7 12. c4 Nf4 13. Nbc3 Rd8 14.
Qc1 Nd3 15. Qc2 Nxc5 16. b4 Nd7 17.
c5 e5 18. Be3 Nf6 19. h3 Be6 20. f4 Nd5 21. Nxd5 Bxd5 22. fxe5 Qxe5 23. Bf4 Qe4 24.
Qxe4 Bxe4 25. Ng3 Bd3 26. Rfd1 Bf6 27. Rac1 Bd4+ 28. Kh2 Bb2 29. Bd6 Bxc1 30. Rxc1 Re8 31. Rd1 Bg6 32. a4 a6 33. Rd2 h5 34. Rb2 h4 35.
Ne2 Re4 36. b5 axb5 37. axb5 cxb5 38. Nc3 Re1 39. g3 hxg3+ 40. Bxg3 Rc1 41. Be5 Re8 42. Bd4 b4 43. Rxb4 Rc2+ 44. Kg3 Rxc3+ 45. Bxc3 Re3+ 46. Kf4 Rxc3 0-1

[Event "*** Titled Tuesday Blitz"]
[Site "Chess.com"]
[Date "2020.11.10"]
[Round "1"]
[White "mr65"]
[Black "Lupul_Cenusiu"]
[Result "0-1"]
[WhiteElo "2215"]
[BlackElo "2555"]
[TimeControl "180+1"]
[EndTime "10:07:34 PST"]
[Termination "Lupul_Cenusiu won on time"]

1. e4 c5 2. Nf3 e6 3. d4 cxd4 4. c3 d3 5. Bxd3 Nc6 6. O-O d6 7. c4 Nf6 8. Nc3 Be7 9. b3 O-O 10. Bb2 a6 11. Qd2 Rb8 12. Rad1 Bd7 13. Rfe1 Re8 14.
Bb1 Qc7 15. Rc1 Ne5 16. Qe2 b6 17. Red1 Ng6 18. g3 Qb7 19. Nd4 Bf8 20. h4 h5 21. Nc2 Ng4 22. Ne3 Nxe3 23. Qxe3 b5 24. cxb5 axb5 25. Qg5 b4 26. Ne2 Bc6 27. f3 Ne5 28. Kg2 f5 29. Nf4 fxe4 30. Nxh5 Qf7 31. Bxe5 dxe5 32. Bxe4 Bxe4 33. fxe4 Be7 34. Qxe5 Bf6 35.
Nxf6+ gxf6 36. Qf4 Ra8 37. Rc7 Re7 38. Qg4+ Kf8 39.
Rxe7 Kxe7 40. e5 Rxa2+ 41. Kh3 Ke8 42. exf6 Qxf6 43. Qg8+ Qf8 0-1

[Event "*** Titled Tuesday Blitz"]
[Site "Chess.com"]
[Date "2020.11.10"]
[Round "1"]
[White "bazar-wokzal"]
[Black "DarZay"]
[Result "1-0"]
[WhiteElo "2509"]
[BlackElo "2076"]
[TimeControl "180+1"]
[EndTime "10:07:35 PST"]
[Termination "bazar-wokzal won by resignation"]

1. e4 c5 2. c3 Nf6 3. e5 Nd5 4.
d4 d6 5. c4 Nb6 6. dxc5 dxc5 7. Qxd8+ Kxd8 8. Nc3 Nc6 9. Bf4 e6 10. O-O-O+ Kc7 11. Nf3 a6 12. Ng5 Bd7 13. Nxf7 Rg8 14. Ne4 Be7 15. Nfd6 Rgf8 16. Bg3 Nd4 17. Nxc5 Nf5 18.
Nxd7 Nxd7 19. Nxf5 Rxf5 20. Bd3 Rff8 21. Bxh7 Bc5 22.
Rd2 Nb6 23. b3 a5 24. a4 Bb4 25. Re2 Rad8 26. Rd1 Rxd1+ 27. Kxd1 Nd7 28. Kc2 Nc5 29. Be4 Rd8 30. Bf4 Rd4 31. f3 Rd8 32. Bd2 Na6 33.
Bxb4 Nxb4+ 34. Kc3 b6 35. h4 Rh8 36. g3 Rh5 37. f4 Rh8 38. Rd2 Re8 39. Rd6 Re7 40.
Bf3 Na6 41. Rc6+ Kd7 42. Rxb6 Nc5 43. Rd6+ Ke8 44. Bh5+ Kf8 45. Rd8+ 1-0

[Event "*** Titled Tuesday Blitz"]
[Site "Chess.com"]
[Date "2020.11.10"]
[Round "1"]
[White "ChelsieMonica"]
[Black "GMTalks_Youtube"]
[Result "1-0"]
[WhiteElo "2338"]
[BlackElo "2625"]
[TimeControl "180+1"]
[EndTime "10:07:38 PST"]
[Termination "ChelsieMonica won on time"]

1. c4 e5 2. g3 Nf6 3. Bg2 d5 4. cxd5 Nxd5 5. Nc3 Nb6 6. Nf3 Nc6 7. O-O Be7 8. d3 O-O 9. a4 a5 10. Be3 Be6 11.
h3 Nd5 12. Nxd5 Bxd5 13. Rc1 b6 14. Nd2 Bxg2 15. Kxg2 Nb4 16. Qb3 Kh8 17. Nf3 f6 18. Rc4 Qd7 19. Rh4 Qd5 20. Qxd5 Nxd5 21. Bd2 c5 22. Rc4 Bd6 23. e4 Nc7 24. Be3 Rfd8 25. Rd1 Ne6 26. Ng1 Rd7 27. Ne2 Rad8 28. Nc3 Nc7 29. Kf1 Kg8 30. Ke2 Kf7 31. f4 Re8 32. f5 g6 33. g4 gxf5 34. exf5 h5 35. g5 fxg5 36. Ne4 Be7 37. f6 Bd8 38. Rf1 Ne6 39.
Bxg5 Rg8 40. h4 Kg6 41. Rg1 Kh7 42. Rcc1 Rf7 43. Rcf1 Nd4+ 44. Ke3 Rg6 45. Ng3 Bxf6 46. Ke4 Kg8 47. Nf5 1-0

[Event "*** Titled Tuesday Blitz"]
[Site "Chess.com"]
[Date "2020.11.10"]
[Round "1"]
[White "Chernobay_Artem"]
[Black "Mambastik-Fantastic"]
[Result "1-0"]
[WhiteElo "2626"]
[BlackElo "2307"]
[TimeControl "180+1"]
[EndTime "10:07:38 PST"]
[Termination "Chernobay_Artem won on time"]

1. e4 c5 2. Nf3 d6 3. d4 Nf6 4.
Nc3 cxd4 5. Nxd4 a6 6. Bg5 Nbd7 7. f4 Qc7 8. Qe2 h6 9. Bxf6 Nxf6 10. e5 dxe5 11.
fxe5 Bg4 12. Qe3 Nd7 13. e6 fxe6 14. h3 e5 15. Nb3 Be6 16. O-O-O O-O-O 17. Be2 g5 18.
Nd5 Bxd5 19. Rxd5 e6 20. Rd3 Bc5 21. Qe4 Rhf8 22. Rhd1 Nf6 23. Qc4 Rd5 24. Rxd5 Be3+ 25. R5d2 Qxc4 26. Bxc4 Ne4 27. Re1 Nxd2 28. Nxd2 Bf4 29.
Kd1 Rd8 30. Re2 Kc7 31. Ke1 b5 32. Bxe6 Kc6 33. Ne4 Re8 34. Bb3 a5 35. a4 b4 36.
Bc4 Rd8 37. g3 Bc1 38. b3 Rd4 39. Kf2 Bb2 40. Kf3 Bc1 41. Nf2 Kd6 42. Nd3 e4+ 43. Rxe4 Rxe4 44. Kxe4 1-0

[Event "*** Titled Tuesday Blitz"]
[Site "Chess.com"]
[Date "2020.11.10"]
[Round "1"]
[White "DenisQ"]
[Black "Manukyan_Artak"]
[Result "1-0"]
[WhiteElo "2654"]
[BlackElo "2333"]
[TimeControl "180+1"]
[EndTime "10:07:39 PST"]
[Termination "DenisQ won by resignation"]

1. Nf3 c6 2. e4 d5 3. Nc3 Bg4 4. h3 Bxf3 5. Qxf3 Nf6 6. d4 dxe4 7. Qe3 Nbd7 8. Nxe4 Nxe4 9. Qxe4 Nf6 10. Qd3 e6 11.
Be2 Be7 12. O-O O-O 13. c4 Qd7 14. Be3 Rfd8 15. Rfd1 b6 16. Qc3 a5 17. Bf3 Rac8 18.
Rac1 Qa7 19. b3 c5 20. dxc5 Bxc5 21. g3 Bxe3 22. Qxe3 Qc7 23. Rxd8+ Rxd8 24. c5 bxc5 25. Qxc5 Qxc5 26. Rxc5 g6 27. Rxa5 Rd2 28. a4 Rb2 29. Rb5 Nd5 30. Bxd5 exd5 31. a5 d4 32. Kf1 d3 33. Ke1 Re2+ 34. Kd1 Rxf2 35. b4 Ra2 36. Rd5 Ra4 37. Rd4 f5 38. Kd2 Kf7 39. Kxd3 Ke6 40. Kc4 g5 41. Kb3 Ra1 42.
Kb2 Ra4 43. Kb3 Ra1 44. Rd2 f4 45. gxf4 gxf4 46. Kc4 Ke5 47. Kb5 Ke4 48. a6 Ke3 49. Rd8 f3 50. Re8+ Kd3 51. Rf8 Ke2 52. Kb6 f2 53. b5 h5 54. a7 f1=Q 55. Rxf1 Kxf1 56.
Kb7 Kg2 57. a8=Q Rxa8 58. Kxa8 Kxh3 59. b6 h4 60. b7 Kh2 61. b8=Q+ Kh3 62. Qb7 1-0

[Event "*** Titled Tuesday Blitz"]
[Site "Chess.com"]
[Date "2020.11.10"]
[Round "1"]
[White "Igor_Lysyj"]
[Black "Barmen_EV"]
[Result "1-0"]
[WhiteElo "2829"]
[BlackElo "2407"]
[TimeControl "180+1"]
[EndTime "10:07:45 PST"]
[Termination "Igor_Lysyj won by checkmate"]

1. d4 d5 2. c4 e6 3. Nf3 Nf6 4. g3 dxc4 5. Bg2 Nc6 6. Qa4 Bb4+ 7. Bd2 Nd5 8. Bxb4 Nxb4 9. Ne5 O-O 10. Nxc6 Nxc6 11.
e3 e5 12. d5 Ne7 13. Qxc4 c6 14. dxc6 Nxc6 15. O-O Be6 16. Qb5 Qb6 17. Qxb6 axb6 18. Nc3 Rfd8 19. Rfd1 Kf8 20. Be4 f5 21. Bd5 Ke7 22.
f4 e4 23. a3 Rd6 24. Bxe6 Kxe6 25. Rxd6+ Kxd6 26. Rd1+ Ke6 27. Kf2 Rc8 28. Rd5 Ne7 29.
Rb5 Rc6 30. Ne2 Rd6 31. Nd4+ Kf6 32. h3 g6 33. g4 Nd5 34. Ne2 fxg4 35. hxg4 h5 36.
gxh5 gxh5 37. Ng3 Kg6 38. Nxe4 h4 39. Nxd6 h3 40. Rxd5 h2 41. Kg2 Kf6 42. Kxh2 Ke6 43. Rd2 Kd7 44. Kg3 Kc6 45. e4 Kc5 46. f5 b5 47. f6 b4 48. axb4+ Kxb4 49. f7 b5 50. f8=Q Kb3 51. Qf7+ Kb4 52. Qd5 Ka4 53. Qxb5# 1-0

[Event "*** Titled Tuesday Blitz"]
[Site "Chess.com"]
[Date "2020.11.10"]
[Round "1"]
[White "cassoulet"]
[Black "andrzej"]
[Result "0-1"]
[WhiteElo "2645"]
[BlackElo "2351"]
[TimeControl "180+1"]
[EndTime "10:07:45 PST"]
[Termination "andrzej won by resignation"]

1. e4 c5 2. Nf3 e6 3. d4 cxd4 4.
Nxd4 Nf6 5. Nc3 d6 6. Be3 a6 7. f4 b5 8. Bd3 Bb7 9. Qf3 Nbd7 10. a3 Nc5 11. O-O Be7 12. Rae1 O-O 13. Bf2 Qc7 14. Qh3 Nxd3 15. cxd3 Rfe8 16. Nf3 Bf8 17.
Rc1 Qd7 18. Bd4 Qe7 19. Ne2 Rac8 20. Ng5 h6 21. Nf3 g6 22. Ng3 Nd7 23. f5 exf5 24.
Nxf5 gxf5 25. Nh4 Rxc1 26. Rxc1 Qg5 27. Rc7 Rc8 28. Rxc8 Bxc8 29. Nxf5 Ne5 30. Be3 Qg4 31. Qxg4+ Nxg4 32. Bf4 Bxf5 33. exf5 Ne5 34. d4 Nc4 35. Bc1 d5 36. Kf1 h5 37. Ke2 Bd6 38. g3 Kg7 39. Kd3 Kf6 40. h3 Kxf5 41. b3 Nxa3 42. Bb2 a5 43.
Ke3 b4 44. Kf3 Nb5 45. g4+ hxg4+ 46. hxg4+ Kg6 47. Ke3 Nc3 48. Kd3 a4 49. Bxc3 bxc3 50. bxa4 Bb4 51. Kc2 Kg5 52. Kb3 Ba5 0-1

[Event "*** Titled Tuesday Blitz"]
[Site "Chess.com"]
[Date "2020.11.10"]
[Round "1"]
[White "Jumbo"]
[Black "MFBerna"]
[Result "1-0"]
[WhiteElo "2871"]
[BlackElo "2441"]
[TimeControl "180+1"]
[EndTime "10:07:46 PST"]
[Termination "Jumbo won on time"]

1. Nf3 c5 2. g3 Nc6 3. e4 g6 4. Bg2 Bg7 5. O-O d6 6. c3 Nf6 7. Re1 O-O 8. h3 e5 9. d4 h6 10. dxc5 dxc5 11. Qc2 Be6 12. Nbd2 Qc7 13. Nf1 Rfd8 14.
Ne3 c4 15. Nh2 h5 16. Nf3 b5 17. Ng5 Bd7 18. Nd5 Nxd5 19. exd5 Ne7 20. a4 Bf5 21. Qe2 Nxd5 22. axb5 Rab8 23. Be3 Nxe3 24. Qxe3 Rd7 25. Bc6 Re7 26. h4 Bh6 27. Qc5 Bd3 28. Ne4 Kg7 29. Nd6 e4 30. Qd4+ Kg8 31. Nxe4 Rd8 32.
Nf6+ Kf8 33. Nd5 Bg7 34. Rxe7 Qxe7 35. Qxg7+ Kxg7 36. Nxe7 Kf6 37. Nd5+ Ke5 38. Ne3 f5 39. f4+ Ke6 40. Rxa7 Be2 41. Kf2 Rd2 42. Ke1 Rxb2 43. Bd5+ Kd6 44. Bxc4 Bxc4 45. Nxc4+ 1-0

[Event "*** Titled Tuesday Blitz"]
[Site "Chess.com"]
[Date "2020.11.10"]
[Round "1"]
[White "dominikaf"]
[Black "Yashasd1995"]
[Result "0-1"]
[WhiteElo "2201"]
[BlackElo "2553"]
[TimeControl "180+1"]
[EndTime "10:07:46 PST"]
[Termination "Yashasd1995 won by checkmate"]

1. e4 d5 2. e5 c5 3. f4 Nc6 4.
Nf3 Bg4 5. c3 e6 6. d3 h5 7. Be2 Nh6 8. Na3 Nf5 9. Nc2 h4 10.
Ne3 Nxe3 11. Bxe3 h3 12. g3 Be7 13. d4 cxd4 14. Nxd4 Bxe2 15. Qxe2 Qa5 16. O-O Rc8 17. a3 a6 18. Nxc6 bxc6 19. f5 Qa4 20. b4 Kd7 21.
fxe6+ fxe6 22. Rf7 Rcf8 23. Raf1 Rxf7 24. Rxf7 Ke8 25.
Rf1 Qxa3 26. Bd4 g5 27. Qc2 Kd7 28. Rf7 Re8 29. Bc5 Qa1+ 30. Kf2 Qh1 31. Ke3 Qg1+ 32. Kd3 Qg2 33. Qxg2 hxg2 34. Bg1 Rf8 35. Rxf8 Bxf8 36. Ke2 c5 37. bxc5 a5 38. Kf3 a4 39. Bd4 g1=Q 40. Bxg1 a3 41. Bd4 a2 42. c4 Bxc5 43. Bb2 dxc4 44.
Ke4 g4 45. Bc3 Bg1 46. Kf4 Kc6 47. Kxg4 Kd5 48. Kf4 Bd4 49. Bxd4 Kxd4 50. g4 a1=Q 51. h4 Qf1+ 52. Kg5 Kxe5 53. h5 Qf6# 0-1

[Event "*** Titled Tuesday Blitz"]
[Site "Chess.com"]
[Date "2020.11.10"]
[Round "1"]
[White "semchik73"]
[Black "Leonid_Starozhilov"]
[Result "0-1"]
[WhiteElo "2351"]
[BlackElo "2697"]
[TimeControl "180+1"]
[EndTime "10:07:47 PST"]
[Termination "Leonid_Starozhilov won by resignation"]

1. Nf3 c5 2. c4 Nf6 3. Nc3 g6 4. d4 cxd4 5. Nxd4 Bg7 6. e4 d6 7.
Be2 O-O 8. Be3 Nc6 9. O-O Bd7 10. f3 Nxd4 11. Bxd4 a5 12. Qd2 Bc6 13. Rfd1 Nd7 14. Bxg7 Kxg7 15. Qd4+ f6 16. f4 Qb6 17. Qxb6 Nxb6 18.
Rac1 Nd7 19. Bf3 Nc5 20. Nd5 Bxd5 21. Rxd5 Rac8 22. e5 dxe5 23. fxe5 fxe5 24. Re1 e6 25. Rd6 Kf6 26. Rb6 Rc7 27. b3 Rd8 28. Rb5 a4 29. b4 Nd3 30. Rf1 Ke7 31. c5 Rd4 32. a3 e4 33. Be2 g5 34. Rb6 Nf4 35. Bg4 h5 36. Bd1 Rd2 37. Bxa4 Rxg2+ 38. Kh1 Ra2 39. c6 bxc6 40. Bxc6 Rxa3 41. Bb5 Rac3 42. Rb8 Rc1 43.
Kg1 R7c2 44. Rxc1 Rxc1+ 45. Kf2 Rc3 46. Bf1 g4 47. b5 e3+ 48. Kg3 e2+ 49. Kf2 Rf3+ 50.
Ke1 exf1=Q+ 0-1

[Event "*** Titled Tuesday Blitz"]
[Site "Chess.com"]
[Date "2020.11.10"]
[Round "1"]
[White "BikingBrian"]
[Black "DraG0s3L"]
[Result "0-1"]
[WhiteElo "2272"]
[BlackElo "2590"]
[TimeControl "180+1"]
[EndTime "10:07:47 PST"]
[Termination "DraG0s3L won by resignation"]

1. d4 d5 2. Bf4 Nf6 3. e3 Bf5 4.
c4 e6 5. Nc3 c6 6. Qb3 Qc8 7. cxd5 exd5 8. Rc1 Nh5 9. Be5 f6 10.
Be2 fxe5 11. Bxh5+ g6 12. Be2 Qd7 13. Nf3 e4 14. Ne5 Qe7 15. Nxd5 cxd5 16. Qxd5 Nd7 17. O-O Bg7 18. Rc7 Bxe5 19. dxe5 Rd8 20. Rd1 Be6 21.
Qxb7 O-O 22. Bc4 Bxc4 23. Rdxd7 Rxd7 24. Rxd7 Qxe5 25. Rxh7 Bf7 26. Rh4 Rd8 27. g3 Qd5 28. Qe7 Qd1+ 29. Kg2 Qf3+ 30. Kh3 Qf5+ 31. Rg4 Rd1 32.
Qxe4 Be6 33. Qa8+ Kg7 34. Qxa7+ Kh6 35. f3 Qh5+ 36. Kg2 Bxg4 37. fxg4 Qd5+ 38. Kf2 Qd2+ 39. Kf3 Rf1+ 40. Ke4 Qg2+ 41. Ke5 Qxh2 42. Qe7 Qxg3+ 43. Ke6 Qxg4+ 44. Kd6 Rd1+ 45. Kc7 Qc4+ 46. Kb6 Qd5 47. Qh4+ Kg7 48. Qe7+ Qf7 49. Qe5+ Qf6+ 50. Qxf6+ Kxf6 51. e4 Ke5 52. a3 g5 53. a4 g4 54. a5 g3 55. a6 g2 56. a7 Rd8 57. Kb7 g1=Q 58.
a8=Q Rxa8 59. Kxa8 Qb6 60. b4 Qxb4 61. Ka7 Kxe4 62.
Ka6 Kd5 0-1

[Event "*** Titled Tuesday Blitz"]
[Site "Chess.com"]
[Date "2020.11.10"]
[Round "1"]
[White "chessmachine14"]
[Black "ShapkinAnatoliy"]
[Result "0-1"]
[WhiteElo "2295"]
[BlackElo "2613"]
[TimeControl "180+1"]
[EndTime "10:07:48 PST"]
[Termination "ShapkinAnatoliy won by checkmate"]

1. e4 e5 2. Nf3 Nc6 3. Bb5 Nf6 4. d3 Bc5 5. O-O d6 6. c3 O-O 7. d4 exd4 8. cxd4 Bb6 9. Re1 Bg4 10. Bxc6 bxc6 11.
Kh1 Re8 12. Nc3 c5 13. d5 Ba5 14.
Qd3 Nd7 15. Bf4 Qf6 16. Bg5 Qg6 17. Bf4 Bxc3 18. bxc3 c4 19. Qxc4 Bxf3 20. gxf3 Qf6 21. Bg3 Qxf3+ 22. Kg1 Nc5 23. Re3 Qg4 24. Rae1 Re7 25.
f3 Qg6 26. Kh1 Rae8 27. Qb5 h5 28. e5 Qf5 29. f4 h4 30. Bxh4 Rd7 31. exd6 Rxe3 32.
Rxe3 Qxf4 33. Re8+ Kh7 34. Qxc5 Qxh4 35. dxc7 Qf4 36. Rh8+ Kg6 37. Qg1+ Kf6 38. c8=Q Qf3+ 39. Qg2 Qd1+ 40. Qg1 Qxd5+ 41. Qg2 Qd1+ 42. Qg1 Qf3+ 43.
Qg2 Rd1# 0-1

[Event "*** Titled Tuesday Blitz"]
[Site "Chess.com"]
[Date "2020.11.10"]
[Round "1"]
[White "Mr_Heisenberg13"]
[Black "juli2512"]
[Result "0-1"]
[WhiteElo "2489"]
[BlackElo "2071"]
[TimeControl "180+1"]
[EndTime "10:07:49 PST"]
[Termination "juli2512 won by checkmate"]

1. e4 c5 2. Nf3 d6 3. d4 cxd4 4. Nxd4 Nf6 5. Nc3 Nc6 6. Bg5 e6 7. Qd3 Be7 8. Nxc6 bxc6 9. O-O-O d5 10. h4 h6 11. Be3 Ng4 12. exd5 Nxe3 13. Qxe3 cxd5 14.
Bb5+ Bd7 15. Nxd5 Bxb5 16. Nf6+ Bxf6 17. Rxd8+ Rxd8 18. Qxa7 O-O 19. Qe3 Bd4 20. Qf3 Rc8 21.
c3 Bc6 22. Qg4 Bxf2 23. Rf1 Be3+ 24. Kb1 Bd5 25. Re1 Bc5 26. c4 Bc6 27. b3 Bb4 28. Rd1 Bc3 29. h5 Bf6 30. Kc2 Rb8 31. a4 Rb7 32. Rb1 Rfb8 33. a5 Ra7 34. b4 Be7 35. b5 Bd7 36. a6 e5 37. Qf3 Be6 38. Kd3 Rc7 39. Rc1 Rd8+ 40. Ke3 Bg5+ 41. Kf2 Bxc1 42.
b6 Rxc4 43. a7 Rc2+ 44. Kg1 Ra2 45. Qc6 Be3+ 46. Kh2 Bf4+ 47. Kg1 Be3+ 48. Kh2 Bf4+ 49. Kg1 Rd1# 0-1

[Event "*** Titled Tuesday Blitz"]
[Site "Chess.com"]
[Date "2020.11.10"]
[Round "1"]
[White "Radzio1987"]
[Black "Chesstrainer1"]
[Result "1-0"]
[WhiteElo "2815"]
[BlackElo "2404"]
[TimeControl "180+1"]
[EndTime "10:07:51 PST"]
[Termination "Radzio1987 won on time"]

1. c4 Nf6 2. Nc3 g6 3. e4 d6 4. d4 Bg7 5. f3 O-O 6. Nge2 a6 7. Be3 Nbd7 8. Qd2 b5 9. Bh6 b4 10. Nd5 a5 11. h4 c6 12. Nxf6+ Nxf6 13. h5 e5 14.
hxg6 fxg6 15. O-O-O Qe7 16. Kb1 Bxh6 17. Qxh6 Be6 18. d5 cxd5 19. cxd5 Bd7 20. g4 Bb5 21. Ng3 Bxf1 22. Rdxf1 Nd7 23. Rh2 Rf7 24. Qe3 Nc5 25.
Rh6 Raf8 26. Nf5 gxf5 27. gxf5 Rg7 28. Rfh1 Qg5 29. Qxg5 Rxg5 30. Rxd6 Rg2 31. Rc6 Nd3 32. Rc2 Rg3 33. Rf1 Rf7 34. Rd2 Nf4 35. d6 Rd7 36. Rc1 Kf7 37. Rc7 Ke8 38. Rc5 Rxf3 39. Rxe5+ Kf7 40. Rxa5 Re3 41. e5 Nd3 42. e6+ Ke8 43. Ra8+ Rd8 44. d7+ Ke7 45. f6+ Kxe6 46. Rxd8 Re1+ 47.
Kc2 Ne5 48. Re8+ Kxf6 49. Rxe5 1-0

[Event "*** Titled Tuesday Blitz"]
[Site "Chess.com"]
[Date "2020.11.10"]
[Round "1"]
[White "shnitez"]
[Black "cottage_cheese"]
[Result "1-0"]
[WhiteElo "2533"]
[BlackElo "2156"]
[TimeControl "180+1"]
[EndTime "10:07:51 PST"]
[Termination "shnitez won on time"]

1. e4 e5 2. Nf3 Nc6 3. Bc4 Bc5 4.
c3 Nf6 5. d3 d6 6. O-O h6 7. b4 Bb6 8. a4 a6 9. Nbd2 O-O 10. Bb3 Ne7 11. Nc4 Ba7 12. Be3 Bxe3 13. fxe3 Be6 14. Ra2 Ng6 15. h3 c6 16. a5 Qc7 17. Raf2 Rad8 18. Nb6 Bxb3 19. Qxb3 d5 20. exd5 Nxd5 21. Nc4 Qe7 22. Nfd2 Qe6 23. Ne4 Nxe3 24. Nc5 Qd5 25. Nxe3 Qxb3 26. Nxb3 Rxd3 27. Nd1 Nf4 28. Nc5 Rd5 29. Ne3 Rd6 30. Nf5 Rf6 31. Ne3 Rg6 32. Kh2 Rd8 33. Nc4 f6 34. g3 Nh5 35. Rf3 f5 36.
Nxe5 Rd2+ 37. R1f2 Rxf2+ 38. Rxf2 Rxg3 39. Rxf5 Rxc3 40. Rxh5 Rc2+ 41. Kg3 Rc3+ 42. Ned3 Rc2 43. Re5 Kh7 44. Re7 Rc3 45. Rxb7 Rc2 46. Rb6 Re2 47. Rxc6 Re3+ 48. Kg2 Re5 49. Nxe5 1-0

[Event "*** Titled Tuesday Blitz"]
[Site "Chess.com"]
[Date "2020.11.10"]
[Round "1"]
[White "Bigfish1995"]
[Black "Gulkov_Igor"]
[Result "1-0"]
[WhiteElo "2971"]
[BlackElo "2463"]
[TimeControl "180+1"]
[EndTime "10:07:52 PST"]
[Termination "Bigfish1995 won by resignation"]

1. d4 Nf6 2. Bg5 d5 3. Nd2 g6 4. c3 Bg7 5. e3 O-O 6. Bd3 c5 7. f4 b6 8. Qe2 Bb7 9. Ngf3 Ne4 10. Bh4 Nd7 11. O-O Ndf6 12. Rad1 Qc7 13. Ne5 Nxd2 14. Rxd2 Rad8 15. h3 Ne8 16. b4 c4 17. Bc2 Nd6 18.
f5 Bc8 19. fxg6 hxg6 20. e4 dxe4 21. Bxe4 Nxe4 22. Qxe4 Bxe5 23. Rdf2 Bg3 24. Bxg3 Qxg3 25. Qxe7 Qd6 26. Qxa7 Be6 27. Rf6 Kg7 28. Qb7 Rd7 29. Qf3 Qe7 30. Qf4 b5 31. Qg5 Rh8 32. Qe5 Kg8 33.
Qxb5 Qd6 34. Qg5 Qd5 35. Qg3 Kg7 36. a4 Re7 37. a5 Rh5 38. R6f2 Rg5 39. Qh4 Rd7 40.
Kh2 Rh5 41. Qf6+ Kg8 42. Rf3 Rf5 43. Rxf5 Bxf5 44. a6 Qe6 45. Qxe6 Bxe6 46. b5 Bd5 47. b6 Rd6 48. Rb1 Rd8 49. b7 1-0

[Event "*** Titled Tuesday Blitz"]
[Site "Chess.com"]
[Date "2020.11.10"]
[Round "1"]
[White "ChristopherYoo"]
[Black "dyziotomi99"]
[Result "1-0"]
[WhiteElo "2858"]
[BlackElo "2430"]
[TimeControl "180+1"]
[EndTime "10:07:52 PST"]
[Termination "ChristopherYoo won by checkmate"]

1. Nf3 Nf6 2. c4 e6 3. Nc3 d5 4. d4 Bb4 5. Qb3 Nc6 6. a3 Bxc3+ 7. Qxc3 O-O 8. Bg5 dxc4 9. Qxc4 h6 10. Bh4 Qd5 11.
Qxd5 Nxd5 12. e4 Nf4 13. Bg3 g5 14. Bxf4 gxf4 15. Bb5 Bd7 16. Rc1 a6 17. Ba4 Rad8 18. Rd1 Rfe8 19. Ke2 e5 20. d5 Nd4+ 21. Nxd4 Bxa4 22.
Nf5 Kh7 23. Rc1 Bd7 24. Rxc7 Bxf5 25. exf5 Kg7 26. Rd1 Kf6 27. d6 Kxf5 28. Rxf7+ Ke6 29. Rxb7 Rxd6 30. Rxd6+ Kxd6 31. Rb6+ Kd5 32. Rxh6 Rc8 33. Kd2 a5 34. Ra6 Rc5 35. h4 Ke4 36. f3+ Kf5 37.
h5 e4 38. fxe4+ Kxe4 39. Re6+ Kf5 40. Rg6 Ke4 41. h6 Rh5 42. b4 axb4 43. axb4 Kf5 44. Rc6 Rh2 45. b5 Rxg2+ 46. Kc3 f3 47. Rc8 Rh2 48.
b6 Rxh6 49. b7 f2 50. Rf8+ Ke5 51. b8=Q+ Kd5 52. Rxf2 Rc6+ 53. Kd3 Rd6 54. Rf4 Kc5+ 55. Kc3 Rd5 56. Rc4# 1-0

[Event "*** Titled Tuesday Blitz"]
[Site "Chess.com"]
[Date "2020.11.10"]
[Round "1"]
[White "Parhamov"]
[Black "crazy_but_lazy"]
[Result "1-0"]
[WhiteElo "2939"]
[BlackElo "2460"]
[TimeControl "180+1"]
[EndTime "10:07:53 PST"]
[Termination "Parhamov won by resignation"]

1. d4 Nf6 2. Nf3 e6 3. Bf4 d5 4. e3 c5 5. Nbd2 Bd6 6. Bg3 O-O 7. c3 Qc7 8. Bd3 Nbd7 9. O-O e5 10. dxe5 Nxe5 11.
Nxe5 Bxe5 12. b4 Bxg3 13. hxg3 Bg4 14. Qb1 b6 15. e4 Rad8 16. exd5 Rxd5 17. Ne4 Qd8 18. Bc4 Rd7 19. bxc5 bxc5 20. Re1 Bf5 21. Nxf6+ Qxf6 22. Qb3 Rd2 23. Re2 Rxe2 24. Bxe2 Qe5 25. Bc4 h5 26. Rd1 Be6 27. Bxe6 fxe6 28. Qc4 Qf5 29.
Rd2 Rf6 30. Re2 Kh7 31. a4 Qb1+ 32. Kh2 Qf5 33. f3 Rh6 34. Re4 Rf6 35. Qe2 Kg6 36. Re5 Qb1 37. Rxe6 Qb3 38. Qe4+ Kh6 39. Re8 g6 40. Qe3+ Kg7 41. Qxc5 Rf7 42. Re7 Rxe7 43. Qxe7+ Kh6 44. Qxa7 Qxc3 45. Qb8 Qd2 46. Qf4+ Qxf4 47.
gxf4 1-0

[Event "*** Titled Tuesday Blitz"]
[Site "Chess.com"]
[Date "2020.11.10"]
[Round "1"]
[White "lider34"]
[Black "DenLaz"]
[Result "0-1"]
[WhiteElo "2398"]
[BlackElo "2765"]
[TimeControl "180+1"]
[EndTime "10:07:53 PST"]
[Termination "DenLaz won on time"]

1. e4 e5 2. Nc3 Nf6 3. g3 d5 4.
exd5 Nxd5 5. Bg2 Nxc3 6. bxc3 Nc6 7. Nf3 Bd6 8. O-O O-O 9. d4 h6 10. Re1 Qf6 11. Rb1 Rb8 12. Be3 Rd8 13. d5 Ne7 14. c4 Nf5 15. Nd2 Nxe3 16. fxe3 Qg6 17. e4 b6 18. Kh1 a5 19. Rf1 Bd7 20. Qe2 Qg4 21. Bf3 Qg5 22. Bg2 g6 23. Qd3 Kg7 24.
Nf3 Qe7 25. Nh4 Rf8 26. Rf3 a4 27. h3 a3 28. Kh2 Rb7 29. Rf2 Rfb8 30. Rbf1 Be8 31. Qf3 b5 32. cxb5 Rxb5 33. Qg4 Qg5 34. Qf3 Rb2 35. c4 Rxf2 36. Qxf2 Rb2 37. Qf3 Rxa2 38.
Kh1 Rc2 39. Qb3 Rb2 40. Qc3 Qd2 41. Qf3 Be7 42. c5 a2 43. d6 cxd6 44. cxd6 Qxd6 45.
Kh2 Rb1 46. Qc3 Rxf1 47. Bxf1 Bxh4 48. gxh4 Qd4 0-1

[Event "*** Titled Tuesday Blitz"]
[Site "Chess.com"]
[Date "2020.11.10"]
[Round "1"]
[White "IsuruAlahakoon"]
[Black "hungrycaterpillar4"]
[Result "0-1"]
[WhiteElo "2275"]
[BlackElo "2619"]
[TimeControl "180+1"]
[EndTime "10:07:53 PST"]
[Termination "hungrycaterpillar4 won on time"]

1. Nf3 d5 2. e3 Nf6 3. c4 c6 4. d4 e6 5. Nbd2 Nbd7 6. Bd3 Bd6 7. b3 e5 8. cxd5 cxd5 9. dxe5 Nxe5 10. Bb5+ Bd7 11. Bxd7+ Qxd7 12. O-O O-O 13. Bb2 Nd3 14.
Bd4 Ne4 15. Qe2 Nb4 16. Rfc1 Nc6 17. Bb2 Rac8 18. Rd1 Qf5 19. Nxe4 Qxe4 20. Qd3 Rfd8 21. a3 a6 22. h3 f6 23. Rd2 Ne5 24. Nxe5 Bxe5 25.
Qxe4 dxe4 26. Rxd8+ Rxd8 27. Bxe5 fxe5 28. Ra2 Rd1+ 29.
Kh2 Rb1 30. b4 Rb3 31. Kg3 Kf7 32. Kg4 Ke6 33. h4 b5 34. h5 Rc3 35. a4 bxa4 36.
Rxa4 Rc6 37. g3 Rb6 38. Kg5 Kd5 39. Ra5+ Ke6 40. Ra4 Kd5 41. g4 Kc4 42. Ra5 Kxb4 43. Rxe5 h6+ 44. Kf4 Rf6+ 45. Kxe4 Rxf2 46. Re7 a5 47. Rxg7 a4 48. Rg6 a3 49. Rxh6 Kb5 50.
Rh8 Rf6 0-1

[Event "*** Titled Tuesday Blitz"]
[Site "Chess.com"]
[Date "2020.11.10"]
[Round "1"]
[White "Kazmin_Dmitrij"]
[Black "swisspower96"]
[Result "0-1"]
[WhiteElo "2268"]
[BlackElo "2584"]
[TimeControl "180+1"]
[EndTime "10:07:53 PST"]
[Termination "swisspower96 won on time"]

1. e4 c5 2. Nc3 Nc6 3. g3 g6 4. Bg2 Bg7 5. d3 d6 6. Nge2 Rb8 7.
a4 a6 8. O-O b5 9. axb5 axb5 10.
Nd5 e6 11. Ne3 Nge7 12. c3 f5 13. Nf4 O-O 14. Qb3 Qd7 15. exf5 gxf5 16. Nh5 Bh8 17. Re1 d5 18. Nf4 c4 19. Qc2 Qd6 20. b3 d4 21. cxd4 Nxd4 22. Qa2 Nxb3 23. Rb1 Nxc1 24. Rexc1 c3 25. Qa7 Bd7 26. Nc2 Bc6 27. Bxc6 Nxc6 28.
Qe3 b4 29. Qxe6+ Qxe6 30. Nxe6 b3 31. Ne3 c2 32. Nxc2 bxc2 33. Rxb8 Rxb8 34. Rxc2 Nd4 35. Rc7 Nxe6 36. Re7 Nd4 37. Kg2 f4 38. gxf4 Bf6 39.
Rc7 Rb3 40. Rd7 Rxd3 41. Rd6 Kf7 42. f5 Ra3 43. Rd5 Rb3 44. Rd7+ Be7 45. h4 Nxf5 46. h5 Nh4+ 47. Kh2 h6 48. Kg1 Rb5 0-1